 Dungeon Crawl Stone Soup version 0.19.0-11-g3fc08b3 (webtiles) character file.

10222 dobroeutro the Severer (level 11, -9/95 HPs)
             Began as a Minotaur Berserker on Nov 9, 2016.
             Was a High Priest of Trog.
             Killed from afar by a deep elf mage (27 damage)
             ... with an orb of energy
             ... on level 12 of the Dungeon.
             The game lasted 00:15:36 (7415 turns).

dobroeutro the Severer (Minotaur Berserker)         Turns: 7415, Time: 00:15:37

Health: -9/95      AC: 15    Str: 25    XL:     11   Next: 33%
Magic:  10/10      EV: 15    Int:  4    God:    Trog [*****.]
Gold:   311        SH:  3    Dex: 10    Spells: 0 memorised, 10 levels left

rFire  . . .     SeeInvis +     P - +7 battleaxe (drain)
rCold  + . .     Gourm    .     t - +3 scale mail {rPois}
rNeg   . . .     Faith    .     (shield currently unavailable)
rPois  +         Spirit   .     (helmet restricted)
rElec  .         Reflect  +     H - +0 cloak
rCorr  .         Harm     .     y - +0 pair of gloves
MR     ++...                    E - +0 pair of boots
Stlth  ..........               L - +3 amulet of reflection
                                p - +2 ring of evasion
                                D - ring of see invisible

@: exhausted, regenerating, slowed, very slow
A: retaliatory headbutt, horns 2, cold resistance 1
a: Berserk, Trog's Hand, Brothers in Arms, Burn Spellbooks, Renounce Religion


You were on level 12 of the Dungeon.
You worshipped Trog.
Trog was extremely pleased with you.
You were not hungry.

You visited 1 branch of the dungeon, and saw 12 of its levels.

You collected 461 gold pieces.
You spent 150 gold pieces at shops.

Inventory:

Hand Weapons
 K - a +2 antimagic war axe
 P - a +7 battleaxe of draining (weapon)
Armour
 t - a +3 scale mail of poison resistance (worn)
 y - a +0 pair of gloves (worn)
 E - a +0 pair of boots (worn)
 H - a +0 cloak (worn)
Jewellery
 a - an uncursed ring of flight
 b - an uncursed ring of protection from fire
 l - an uncursed amulet of the gourmand
 p - a +2 ring of evasion (right hand)
 q - a +3 ring of dexterity
 A - an uncursed ring of protection from fire
 D - a ring of see invisible (left hand)
 L - a +3 amulet of reflection (around neck)
Wands
 n - a wand of paralysis (16/24)
 w - a wand of confusion (17/48)
 F - a wand of lightning (9/15)
 I - a wand of flame (21/48)
 M - a wand of flame (32/48)
 R - a wand of slowing (19/48)
Scrolls
 e - 2 scrolls of remove curse
 f - 2 scrolls of blinking
 i - 5 scrolls of teleportation
 j - 2 scrolls of enchant armour
 s - 2 scrolls of fog
 O - a scroll of enchant weapon
 Q - a scroll of fear
 S - a scroll of magic mapping
Potions
 g - a potion of lignification {unknown}
 h - 9 potions of curing
 m - 4 potions of heal wounds
 u - a potion of cure mutation {unknown}
 v - a potion of berserk rage
 x - a potion of flight {unknown}
 z - a potion of agility
 B - 2 potions of magic {unknown}
 C - a potion of invisibility
 J - 2 potions of haste
Comestibles
 c - 10 bread rations
 d - 5 meat rations
 k - a royal jelly
 o - 8 slices of pizza
 r - 4 beef jerkies
 G - 7 fruits


   Skills:
 + Level 8.9 Fighting
 * Level 15.8 Axes
 + Level 8.1 Armour
 + Level 7.6 Dodging


You had 10 spell levels left.
You didn't know any spells.

Dungeon Overview and Level Annotations

Branches:
Dungeon (12/15)            Temple (0/1) D:5
   Lair: D:8-11         Orc: D:9-12

Altars:
Ashenzari
Cheibriados
Hepliaklqana
Makhleb
Nemelex Xobeh
Okawaru
Ru
Trog
Uskayaw
Vehumet
Yredelemnul

Shops:
D:4 [   D:5 =


Innate Abilities, Weirdness & Mutations

You reflexively headbutt those who attack you in melee.
You have a pair of horns on your head.
Your flesh is cold resistant. (rC+)


Message History

The deep elf mage gestures wildly while chanting.
The deep elf mage conjures a globe of magical energy!
A battlesphere comes into view.
You slash the deep elf mage! Your headbutt misses the deep elf mage.
The deep elf mage is heavily wounded.
You slash the battlesphere!
The deep elf mage gestures at you while chanting.
The lance of force hits you!
* * * LOW HITPOINT WARNING * * *
You are knocked back by the lance of force.
The battlesphere fires!
You are too injured to fight recklessly!
Unknown command.
You are too injured to fight recklessly!
Your skin crawls.
You feel resistant to hostile enchantments.
You feel somewhat more hungry.
The deep elf mage points at you and mumbles some strange words.
The orb of energy hits you!
You die...

##..........
..###..........
...#...........
..............
............#
............##
.......*.....#
.....#.)(....##
.......e).@...#
......)†)......#
............#.....
.........#..##....
...........#......
..................
................ .
#...............


You could see a deep elf mage and a battlesphere.

Vanquished Creatures
  The ghost of RobertPalmer the Grappler, a journeyman VSSu of Makhleb (D:11)
  The ghost of barbarian the Thaumaturge, a novice DEFE of Vehumet (D:9)
  An unseen horror (D:10)
  A hill giant (D:10)
  2 gargoyles (D:10)
  A kobold demonologist (D:12)
  Grinder (D:4)
  Prince Ribbit (D:6)
  8 yaks
  4 hogs (D:9)
  A human (D:9)
  2 wyverns
  A steam dragon (D:7)
  2 wargs
  A water moccasin (D:9)
  2 sky beasts
  2 orc warriors (D:6)
  2 phantoms
  An ogre (D:4)
  8 centaurs
  4 big kobolds (D:12)
  5 bullfrogs
  A water moccasin zombie (D:7)
  6 scorpions
  3 wights (D:6)
  A howler monkey (D:6)
  A bullfrog zombie (D:7)
  10 crimson imps
  2 centaur zombies
  A quasit (D:6)
  2 hounds (D:4)
  A gnoll shaman (D:4)
  2 jellies
  8 orc priests
  6 orc wizards
  4 centaur skeletons
  Terence (D:2)
  4 bullfrog skeletons
  8 worker ants
  Natasha (thrice) (D:4)
  3 worker ant zombies
  8 gnolls
  13 adders
  4 shadow imps
  An adder zombie (D:9)
  3 worms
  4 dart slugs
  5 leopard geckos
  27 orcs
  6 ball pythons
  8 giant cockroaches
  7 goblins
  4 hobgoblins
  20 jackals
  4 quokkas
  8 bats
  9 frilled lizards
  2 gnoll zombies (D:4)
  13 kobolds
  11 rats
276 creatures vanquished.

Notes
Turn   | Place    | Note
-------+----------+-------------------------------------------
     0 | D:1      | dobroeutro the Minotaur Berserker began the quest for the Orb.
     0 | D:1      | Reached XP level 1. HP: 19/19 MP: 0/0
     1 | D:1      | Found a runed door.
     1 | D:1      | Noticed a jelly
    16 | D:1      | Reached skill level 4 in Axes
    33 | D:1      | Reached XP level 2. HP: 19/26 MP: 1/1
   470 | D:1      | Reached skill level 5 in Axes
   675 | D:1      | Reached XP level 3. HP: 31/31 MP: 2/2
   692 | D:1      | Reached ** piety under Trog
   692 | D:1      | Reached XP level 4. HP: 39/39 MP: 3/3
   698 | D:1      | Reached skill level 6 in Axes
   755 | D:2      | Found an iron altar of Okawaru.
  1064 | D:2      | Found a snail-covered altar of Cheibriados.
  1347 | D:2      | Found a burning altar of Makhleb.
  1348 | D:2      | Noticed a cacodemon
  1443 | D:2      | Noticed Terence
  1449 | D:2      | Killed Terence
  1514 | D:2      | Found a hazy altar of Hepliaklqana.
  1690 | D:3      | Reached XP level 5. HP: 45/45 MP: 4/4
  1705 | D:3      | Reached skill level 7 in Axes
  1998 | D:3      | Reached *** piety under Trog
  2386 | D:3      | Found a sacrificial altar of Ru.
  2451 | D:4      | Found Icleam's Antique Armour Boutique.
  2458 | D:4      | Noticed an ogre
  2461 | D:4      | Reached skill level 8 in Axes
  2465 | D:4      | Killed an ogre
  2465 | D:4      | Reached XP level 6. HP: 51/51 MP: 5/5
  2480 | D:4      | Reached skill level 9 in Axes
  2541 | D:4      | Noticed Natasha
  2547 | D:4      | Killed Natasha
  2617 | D:4      | Noticed Grinder
  2624 | D:4      | Killed Grinder
  2624 | D:4      | Reached skill level 10 in Axes
  2624 | D:4      | Reached XP level 7. HP: 57/57 MP: 6/6
  2625 | D:4      | Noticed Natasha
  2634 | D:4      | Killed Natasha
  2713 | D:4      | Reached **** piety under Trog
  2745 | D:4      | Noticed Natasha
  2751 | D:4      | Killed Natasha
  2876 | D:4      | Reached skill level 11 in Axes
  2911 | D:4      | Found a basalt altar of Yredelemnul.
  3093 | D:5      | Entered Level 5 of the Dungeon
  3145 | D:5      | Reached XP level 8. HP: 64/64 MP: 7/7
  3214 | D:5      | Found a staircase to the Ecumenical Temple.
  3333 | D:5      | Reached skill level 12 in Axes
  3373 | D:5      | Found Hahal's Jewellery Boutique.
  3381 | D:5      | Bought an uncursed ring of see invisible for 150 gold pieces
  3524 | D:5      | Gained mutation: Your flesh is cold resistant. (rC+) [mutagenic meat]
  3626 | D:5      | Found a shattered altar of Ashenzari.
  3671 | D:5      | Reached skill level 13 in Axes
  4057 | D:6      | Reached XP level 9. HP: 38/72 MP: 8/8
  4064 | D:6      | Noticed Prince Ribbit
  4073 | D:6      | Killed Prince Ribbit
  4213 | D:6      | Reached skill level 5 in Fighting
  4509 | D:6      | Reached ***** piety under Trog
  4696 | D:6      | Received a gift from Trog
  4796 | D:6      | Found a bloodstained altar of Trog.
  4834 | D:6      | Reached skill level 5 in Armour
  5103 | D:7      | Reached skill level 5 in Dodging
  5394 | D:7      | Reached skill level 14 in Axes
  5487 | D:7      | Found a hide-covered altar of Uskayaw.
  5959 | D:8      | Reached XP level 10. HP: 84/84 MP: 3/9
  6258 | D:9      | Found a sparkling altar of Nemelex Xobeh.
  6470 | D:9      | Noticed barbarian's ghost (novice DEFE)
  6472 | D:9      | Found a radiant altar of Vehumet.
  6489 | D:9      | Killed barbarian's ghost
  6511 | D:9      | Found a bloodstained altar of Trog.
  6565 | D:10     | Entered Level 10 of the Dungeon
  6614 | D:10     | Noticed a gargoyle
  6616 | D:10     | Noticed a hill giant
  6624 | D:10     | Killed a gargoyle
  6627 | D:10     | Killed a hill giant
  6627 | D:10     | Reached skill level 15 in Axes
  6821 | D:10     | Noticed an unseen horror
  6832 | D:10     | Killed an unseen horror
  6853 | D:10     | Noticed a gargoyle
  6859 | D:10     | Killed a gargoyle
  6864 | D:10     | Reached XP level 11. HP: 94/94 MP: 3/10
  6938 | D:10     | Received a gift from Trog
  7363 | D:11     | Noticed RobertPalmer's ghost (journeyman VSSu)
  7373 | D:11     | Killed RobertPalmer's ghost
  7400 | D:12     | Noticed a deep elf mage
  7415 | D:12     | Killed from afar by a deep elf mage

Skill      XL: |  1  2  3  4  5  6  7  8  9 10 11 |
---------------+----------------------------------+-----
Axes           | 4 5 6 8 10 11 13 14 15 | 15.8
Fighting       | 4 6 8 |  8.9
Armour         | 3 5 7 8 |  8.1
Dodging        | 3 5 7 |  7.6

Action                   |  1- 3 |  4- 6 |  7- 9 | 10-12 || total
-------------------------+-------+-------+-------+-------++-------
Melee: Hand axe          |    51 |   177 |   292 |       ||   520
       Headbutt          |     5 |    27 |    78 |    27 ||   137
       War axe           |       |       |   109 |    96 ||   205
       Battleaxe         |       |       |       |    32 ||    32
Invok: Berserk           |     1 |     3 |     2 |     3 ||     9
       Trog's Hand       |       |       |       |     1 ||     1
  Use: Scroll            |       |     1 |    15 |     3 ||    19
       Potion            |       |       |       |     1 ||     1
 Stab: Sleeping          |     1 |       |       |       ||     1
  Eat: Chunk             |       |    17 |    15 |     1 ||    33
Armor: Animal skin       |     5 |     2 |       |       ||     7
       Ring mail         |       |    12 |       |       ||    12
       Scale mail        |       |    38 |   129 |    54 ||   221
Dodge: Dodged            |    28 |   122 |   176 |    75 ||   401
Block: Other             |       |       |       |     8 ||     8
       Reflection        |       |       |       |     1 ||     1
